 Dungeon Crawl Stone Soup version 0.19.6-3-g7d5932f76a (webtiles) character file.

6 EnegeticOcto the Digger (level 1, -2/11 HPs)
             Began as a High Elf Earth Elementalist on Feb 8, 2021.
             Killed from afar by EnegeticOcto's ghost (7 damage)
             ... with a magic dart
             ... on level 3 of the Dungeon.
             The game lasted 00:01:05 (116 turns).

EnegeticOcto the Digger (HEEE)                       Turns: 116, Time: 00:01:05

Health: -2/11      AC:  3    Str:  7    XL:     1   Next: 75%
Magic:  2/4        EV: 13    Int: 18    God:
Gold:   0          SH:  0    Dex: 15    Spells: 1 memorised, 3 levels left

rFire  . . .     SeeInvis .     (no weapon)
rCold  . . .     Gourm    .     c - +0 robe
rNeg   . . .     Faith    .     (no shield)
rPois  .         Spirit   .     (no helmet)
rElec  .         Reflect  .     (no cloak)
rCorr  .         Harm     .     (no gloves)
MR     .....                    f - +0 pair of boots
Stlth  ++........               (no amulet)
                                (no ring)
                                (no ring)

@: no status effects
A: no striking features
a: no special abilities


You were on level 3 of the Dungeon.
You were not hungry.

You visited 1 branch of the dungeon, and saw 3 of its levels.

Inventory:

Missiles
 b - 14 stones
Armour
 c - a +0 robe (worn)
 f - a +0 pair of boots (worn)
   (You found it on level 1 of the Dungeon)
Scrolls
 g - a scroll of enchant weapon {unknown}
 j - a scroll of identify {unknown}
Potions
 a - a potion of beneficial mutation {unknown}
 h - a potion of curing {unknown}
 i - 2 potions of heal wounds {unknown}
Books
 e - a book of Geomancy

   Spells                             Type                      Level
   a - Sandblast                      Earth                        1
   b - Passwall                       Transmutation/Earth          2
   c - Stone Arrow                    Conjuration/Earth            3
   d - Petrify                        Transmutation/Earth          4
   e - Lee's Rapid Deconstruction     Earth                        5
Comestibles
 d - a bread ration


   Skills:
 - Level 2.1 Dodging
 - Level 2.1 Stealth
 - Level 2.4 Spellcasting
   Level 1.1 Transmutations
 + Level 2.8 Earth Magic


You had 3 spell levels left.
You knew the following spells:

 Your Spells              Type           Power        Failure   Level  Hunger
a - Sandblast             Erth           ##....       8%          1    #......


Dungeon Overview and Level Annotations

Branches:
Dungeon (3/15)

Altars:

Annotations:
D:3 EnegeticOcto's ghost, weakling HECj


Message History

Aiming: Sandblast
Press: ? - help, Shift-Dir - straight line, f/p - worm
Aim: a worm (moderately wounded)
The rocky blast hits the worm.
The worm is almost dead.
Casting: Sandblast
Confirm with . or Enter, or press ? or * to list all spells.
Aiming: Sandblast
Press: ? - help, Shift-Dir - straight line, f/p - worm
Aim: a worm (severely wounded)
The rocky blast hits the worm.
You kill the worm!
Wield which item (- for none, * to show all)? (? for menu, Esc to quit)
You are already wielding that!
Wield which item (- for none, * to show all)? (? for menu, Esc to quit)
Okay, then.
Unknown command.
Wield which item (- for none, * to show all)? (? for menu, Esc to quit)
You are now empty-handed.
You see here a worm corpse.
There is a stone staircase leading up here.
A leopard gecko comes into view.
The leopard gecko hisses angrily.
Casting: Sandblast
Confirm with . or Enter, or press ? or * to list all spells.
Aiming: Sandblast
Press: ? - help, Shift-Dir - straight line, f - leopard gecko
Aim: a leopard gecko (clinging)
The blast of sand misses the leopard gecko.
The leopard gecko misses you.
There is a stone staircase leading up here.
The leopard gecko bites you. The leopard gecko closely misses you.
Wield which item (- for none, * to show all)? (? for menu, Esc to quit)
b - 16 stones (in hand)
Casting: Sandblast
Confirm with . or Enter, or press ? or * to list all spells.
Aiming: Sandblast
Press: ? - help, Shift-Dir - straight line, f/p - leopard gecko
Aim: a leopard gecko (clinging)
The rocky blast hits the leopard gecko.
The leopard gecko barely misses you. The leopard gecko bites you.
A bat comes into view.
The leopard gecko barely misses you.
Found a stone staircase leading down.
Casting: Sandblast
Confirm with . or Enter, or press ? or * to list all spells.
Aiming: Sandblast
Press: ? - help, Shift-Dir - straight line, f/p - leopard gecko
Aim: a leopard gecko (clinging)
The rocky blast hits the leopard gecko.
You kill the leopard gecko!
Wield which item (- for none, * to show all)? (? for menu, Esc to quit)
You are now empty-handed.
The bat closely misses you. The bat hits you but does no damage.
The bat hits you but does no damage. The bat hits you but does no damage.
The bat hits you but does no damage.
There is a stone staircase leading down here.
The bat closely misses you.
You climb downwards.
You hear the sound of rushing water.
There is an entrance to a sewer on this level.
Hurry and find it before the portal rusts away!
Found four items.
There is a stone staircase leading up here. 2 orcs come into view.
Found a chain mail.
An orc comes into view. It is wielding a flail.
You see here a sedimented sapphire potion.
h - a sedimented sapphire potion
There is a stone staircase leading up here.
Found a scroll labeled MEICACVETU.
Found a purple potion.
i - a purple potion
i - 2 purple potions (gained 1)
j - a scroll labeled MEICACVETU
Found 8 gold pieces.
A giant cockroach comes into view.
Found a stone staircase leading up.
A leopard gecko and an orc priest come into view.
The leopard gecko hisses angrily.
EnegeticOcto's ghost (weakling High Elf Conjurer) comes into view.
EnegeticOcto's ghost turns its malevolent gaze towards you.
An orc comes into view. It is wielding a whip.
The leopard gecko hisses menacingly.
EnegeticOcto's ghost says, "I was like you once."
Casting: Sandblast
Confirm with . or Enter, or press ? or * to list all spells.
Aiming: Sandblast
Press: ? - help, Shift-Dir - straight line, f - EnegeticOcto's ghost
Aim: EnegeticOcto's ghost The blast of sand misses EnegeticOcto's ghost.
The orc priest shouts!
The orc shouts! x2
EnegeticOcto's ghost hits you.
A leopard gecko and an orc come into view.
EnegeticOcto's ghost casts a spell at you.
The magic dart hits you!
Ouch! That really hurt!
You die...

#.........# #.........#
#.........# #.........#
#.........# ...
##.......## ....
#.........#.....
..########......s.........
#.......##....@.l...o.....
######.<...........ol....
#)....##......W.....$..<.
#...................#...#.
#............o.....###≈≈≈#
#..................# ≈≈≈#
.....[.............. ≈#
........o............
#..o...o...o.....#####


You could see an orc priest, EnegeticOcto's ghost, 3 orcs, 2 leopard geckos and
a giant cockroach.

Vanquished Creatures
  A worm (D:2)
  A leopard gecko (D:2)
  A rat (D:1)
3 creatures vanquished.

Notes
Turn   | Place    | Note
-------+----------+-------------------------------------------
     0 | D:1      | EnegeticOcto the High Elf Earth Elementalist began the quest for the Orb.
     0 | D:1      | Reached XP level 1. HP: 11/11 MP: 4/4
   111 | D:3      | Noticed an orc priest
   112 | D:3      | Noticed EnegeticOcto's ghost (weakling HECj)
   116 | D:3      | Killed from afar by EnegeticOcto's ghost

Action                   || total
-------------------------++-------
 Cast: Sandblast         ||     9
Armor: Robe              ||     4
Dodge: Dodged            ||     6
